 Dungeon Crawl Stone Soup version 0.18.1-48-g4cf74bf (webtiles) character file.

5944 Ladykiller69 the Blocker (level 11, -8/77 HPs)
             Began as a Formicid Fighter on Sept 3, 2016.
             Was a High Priest of Cheibriados.
             Mangled by an orc knight
             ... wielding a cursed +0 halberd
              (17 damage)
             ... in a bailey.
             The game lasted 00:28:53 (9519 turns).

Ladykiller69 the Blocker (Formicid Fighter)         Turns: 9519, Time: 00:28:54

Health: -8/77      AC:  7    Str: 41    XL:     11   Next: 9%
Magic:  11/11      EV: 15    Int: 20    God:    Cheibriados [*****.]
Gold:   427        SH: 25    Dex: 31    Spells: 0 memorised, 10 levels left

rFire  . . .     SeeInvis +     N - +2 war axe (curse)
rCold  . . .     Gourm    .     H - +0 scale mail of Pessimism {Dex+4} (curse)
rNeg   . . .     Faith    .     D - +1 large shield
rPois  .         Spirit   .     (helmet unavailable)
rElec  .         Dismiss  .     (no cloak)
rCorr  .         Reflect  .     (no gloves)
SustAt .         Harm     .     (no boots)
MR     +....                    (no amulet)
Stlth  ++........               (no ring)
                                (no ring)

@: mighty, agile, very slow, somewhat resistant to hostile enchantments,
unstealthy
A: permanent stasis, dig shafts and tunnels, four strong arms, antennae 3
a: Dig, Shaft Self, Bend Time, Temporal Distortion, Slouch, Step From Time,
Renounce Religion


You were in a bailey.
You worshipped Cheibriados.
Cheibriados was extremely pleased with you.
You were not hungry.

You visited 2 branches of the dungeon, and saw 10 of its levels.
You also visited: Bailey.

You collected 589 gold pieces.
You spent 162 gold pieces at shops.

Inventory:

Hand Weapons
 a - a +0 war axe
 N - a cursed +2 war axe (weapon)
 V - a +1 battleaxe
Missiles
 k - 12 tomahawks (quivered)
 l - 3 steel tomahawks
Armour
 b - a +0 scale mail
 c - a +0 shield
 h - a +0 plate armour
 D - a +1 large shield (worn)
 H - the cursed +0 scale mail of Pessimism (worn) {Dex+4}
   (You found it on level 4 of the Dungeon)

   It affects your dexterity (+4).
   It has a curse placed upon it.
Jewellery
 i - an uncursed ring of protection from cold {unknown}
 j - an uncursed ring of poison resistance {unknown}
 p - an uncursed ring of fire {unknown}
 r - a +1 ring of protection {unknown}
 y - a cursed ring of loudness {unknown}
 I - an uncursed ring of stealth {unknown}
 M - an uncursed ring of protection from cold {unknown}
 P - an uncursed ring of protection from fire {unknown}
Wands
 A - a wand of slowing (19/48)
 F - a wand of lightning (6/15)
 L - a wand of acid (2/15)
 O - a wand of flame (22/48)
Scrolls
 e - 5 scrolls of identify
 m - 3 scrolls of enchant armour
 n - 2 scrolls of immolation
 q - a scroll of fog
 t - 3 scrolls of enchant weapon
 B - 2 scrolls of recharging
Potions
 d - a potion of might
 g - a potion of brilliance
 o - a potion of flight {unknown}
 u - 4 potions of cancellation {unknown}
 v - 2 potions of haste {unknown}
 w - 2 potions of lignification {unknown}
 z - 3 potions of magic {unknown}
 E - 2 potions of curing
 G - a potion of berserk rage {unknown}
 J - 3 potions of degeneration {unknown}
 S - a potion of experience {unknown}
 Y - a potion of resistance {unknown}
Books
 K - a book of Flames

   Spells                             Type                      Level
   a - Flame Tongue                   Conjuration/Fire             1
   b - Throw Flame                    Conjuration/Fire             2
   c - Conjure Flame                  Conjuration/Fire             3
   d - Inner Flame                    Hexes/Fire                   3
   e - Sticky Flame                   Conjuration/Fire             4
   f - Fireball                       Conjuration/Fire             5
 Q - a book of Cantrips

   Spells                             Type                      Level
   a - Corona                         Hexes                        1
   b - Animate Skeleton               Necromancy                   1
   c - Summon Small Mammal            Summoning                    1
   d - Apportation                    Translocation                1
 W - a book of Alchemy

   Spells                             Type                      Level
   a - Sublimation of Blood           Necromancy                   2
   b - Ignite Poison                  Fire/Transmutation/Poison    3
   c - Petrify                        Transmutation/Earth          4
   d - Alistair's Intoxication        Transmutation/Poison         5
   e - Irradiate                      Conjuration/Transmutation    5
Comestibles
 f - 12 bread rations
 x - 4 meat rations
 C - 12 fruits
 R - a royal jelly
 U - a slice of pizza


   Skills:
 - Level 4.1 Fighting
 + Level 11.1 Axes
 - Level 4.4 Armour
 - Level 0.5 Dodging
 + Level 13.0 Shields


You had 10 spell levels left.
You didn't know any spells.

Dungeon Overview and Level Annotations

Branches:
Dungeon (9/15)             Temple (1/1) D:4
   Lair: D:8-11         Orc: D:9-12

Altars:
Ashenzari
Cheibriados
Dithmenos
Elyvilon
Fedhas
Gozag
Kikubaaqudgha
Makhleb
Nemelex Xobeh
Okawaru
Pakellas
Qazlal
Ru
Sif Muna
Trog
Vehumet
Xom
Yredelemnul
Zin
The Shining One

Shops:
D:7 *([(

Annotations:
D:7 4 runed doors, behind which is tremendoulsy farmable menagerie, exclusion: 4 doors


Innate Abilities, Weirdness & Mutations

You are under a permanent stasis effect.
You can dig through walls and to a lower floor.
Your four strong arms can wield two-handed weapons with a shield.
You have a pair of large antennae on your head (SInv).


Message History

The orc knight is heavily wounded.
You block the orc knight's attack. x2; The orc warrior closely misses you.
You block the orc's attack. You block the orc knight's attack.
You closely miss the orc knight.
The orc knight is moderately wounded.
You slash the orc!
You kill the orc!
The orc's corpse dissolves into shadows!
You slash the orc knight!
The orc knight is almost dead.
The orc no longer looks unusually strong.
The orc knight roars a battlecry!
The orc goes into a battle-frenzy!
You block the orc knight's attack. x3
The orc warrior hits you from afar with a halberd.
* * * LOW HITPOINT WARNING * * *
The orc hits you from afar with a trident.
* * * LOW HITPOINT WARNING * * *
The orc knight hits you from afar with a halberd!
You die...

#...#
###'###
##.....##
#.......#
#.......#
#.......#
#.......#
#.......#
##...@.##
##ooo##


#.oooo# #..ooo# #...o.# #.....# #.....# ##)))## #.o.o.# You could see 4 orc
knights, an orc warrior and 6 orcs.

Vanquished Creatures
  An orc knight (Bailey)
  2 trolls (D:9)
  A spriggan (D:7)
  2 water moccasins
  11 orc warriors
  3 ice beasts
  A sky beast (D:6)
  3 ogres
  3 phantoms
  2 centaurs
  7 giant frogs
  Blork the orc (D:5)
  3 scorpions
  2 water moccasin skeletons (D:6)
  5 killer bees
  2 howler monkeys
  7 wights
  A crimson imp (D:6)
  A centaur zombie (D:8)
  6 hounds
  3 jellies
  A giant frog skeleton (D:9)
  4 orc priests
  7 orc wizards
  Jessica (D:2)
  Natasha (D:2)
  4 iguanas
  3 worker ants
  A hound zombie (D:6)
  A hound skeleton (D:5)
  Robin (D:3)
  A howler monkey skeleton (D:5)
  4 gnolls (D:5)
  11 adders
  3 shadow imps
  3 adder skeletons
  A worm (D:2)
  A dart slug (D:3)
  10 giant geckos
  53 orcs
  4 giant cockroaches
  12 goblins
  14 hobgoblins
  14 jackals
  3 quokkas
  5 bats
  A giant gecko zombie (D:6)
  8 giant newts
  A jackal zombie (D:6)
  7 kobolds
  A quokka skeleton (D:4)
  2 quokka zombies
  5 rats
255 creatures vanquished.

Notes
Turn   | Place    | Note
--------------------------------------------------------------
     0 | D:1      | Ladykiller69 the Formicid Fighter began the quest for the Orb.
     0 | D:1      | Reached XP level 1. HP: 18/18 MP: 1/1
   245 | D:1      | Reached XP level 2. HP: 24/24 MP: 2/2
   829 | D:2      | Reached XP level 3. HP: 28/30 MP: 3/3
   920 | D:2      | Noticed Jessica
   941 | D:2      | Killed Jessica
   941 | D:2      | Reached skill level 4 in Shields
   941 | D:2      | Reached XP level 4. HP: 37/37 MP: 4/4
   944 | D:2      | Found a faded altar to an unknown god.
  1234 | D:2      | Noticed Natasha
  1235 | D:2      | Found an ancient bone altar of Kikubaaqudgha.
  1270 | D:2      | Killed Natasha
  1270 | D:2      | Reached XP level 5. HP: 5/42 MP: 5/5
  2179 | D:3      | Noticed Robin
  2214 | D:3      | Killed Robin
  2214 | D:3      | Reached XP level 6. HP: 43/48 MP: 6/6
  2496 | D:3      | Reached skill level 5 in Shields
  2550 | D:4      | Noticed an ogre
  2809 | D:4      | Noticed a phantom
  2842 | D:4      | Killed a phantom
  2842 | D:4      | Reached XP level 7. HP: 20/54 MP: 7/7
  3089 | D:4      | Found a basalt altar of Yredelemnul.
  3186 | D:4      | Found a white marble altar of Elyvilon.
  3272 | D:4      | Found a staircase to the Ecumenical Temple.
  3364 | D:4      | Reached skill level 5 in Axes
  3364 | D:4      | Reached skill level 6 in Shields
  3512 | Temple   | Entered the Ecumenical Temple
  3607 | D:4      | Found a snail-covered altar of Cheibriados.
  3616 | D:4      | Became a worshipper of Cheibriados the Contemplative
  3771 | D:4      | Got a faintly glowing scale mail
  3787 | D:4      | Identified the cursed +0 scale mail of Pessimism {Dex+4} (You found it on level 4 of the Dungeon)
  3794 | D:5      | Entered Level 5 of the Dungeon
  3821 | D:5      | Noticed Blork the orc
  3834 | D:5      | Killed Blork the orc
  3925 | D:5      | Reached XP level 8. HP: 60/60 MP: 8/8
  3940 | D:5      | Reached skill level 7 in Shields
  4379 | D:5      | Found an opulent altar of Gozag.
  4379 | D:5      | Found a blossoming altar of Fedhas.
  4471 | D:5      | Reached * piety under Cheibriados
  4891 | D:6      | Reached skill level 8 in Shields
  5130 | D:6      | Found a glowing golden altar of the Shining One.
  5130 | D:6      | Found a shattered altar of Ashenzari.
  5166 | D:6      | Reached XP level 9. HP: 20/65 MP: 9/9
  5390 | D:6      | Reached skill level 9 in Shields
  5552 | D:6      | Reached ** piety under Cheibriados
  5930 | D:6      | Reached skill level 10 in Shields
  5955 | D:6      | HP: 3/65 [poisoned by a water moccasin]
  5963 | D:6      | HP: 3/65 [poisoned by a water moccasin]
  5973 | D:6      | HP: 3/65 [poisoned by a water moccasin]
  5979 | D:6      | HP: 3/65 [poisoned by a water moccasin]
  5985 | D:6      | HP: 3/65 [poisoned by a water moccasin]
  6304 | D:6      | Found an iron altar of Okawaru.
  6404 | D:6      | Found a deep blue altar of Sif Muna.
  6529 | D:6      | Found a glowing silver altar of Zin.
  6620 | D:7      | Found Ytudgh's Weapon Emporium.
  6736 | D:7      | Found Herrife's Weapon Shop.
  6777 | D:7      | Found a radiant altar of Vehumet.
  6847 | D:7      | Found Numperr's Armour Shoppe.
  6854 | D:7      | Found a huge runed gate.
  6854 | D:7      | Found a huge runed gate.
  6854 | D:7      | Found a huge runed gate.
  6854 | D:7      | Found a huge runed gate.
  6854 | D:7      | Noticed a polar bear
  6854 | D:7      | Noticed a griffon
  6854 | D:7      | Noticed a griffon
  6854 | D:7      | Noticed a polar bear
  6855 | D:7      | Noticed a polar bear
  6855 | D:7      | Noticed a polar bear
  6855 | D:7      | Noticed a polar bear
  6862 | D:7      | Reached *** piety under Cheibriados
  7021 | D:7      | Found a bloodstained altar of Trog.
  7064 | D:7      | Found Jodup's Assorted Antiques.
  7073 | D:7      | Bought a fizzy red potion for 30 gold pieces
  7073 | D:7      | Bought a metallic red potion for 30 gold pieces
  7073 | D:7      | Bought a scroll labeled ZUH UTO YRGHAUBB for 34 gold pieces
  7073 | D:7      | Bought a scroll labeled EMORAU JEACH for 34 gold pieces
  7073 | D:7      | Bought a scroll labeled KAIKOCHAIQE for 34 gold pieces
  7135 | D:7      | Reached XP level 10. HP: 71/71 MP: 10/10
  7165 | D:7      | Reached skill level 11 in Shields
  7674 | D:8      | Reached skill level 10 in Axes
  7711 | D:8      | Reached **** piety under Cheibriados
  8352 | D:8      | Reached skill level 12 in Shields
  9098 | D:9      | Found a flagged portal.
  9114 | Bailey   | Entered a bailey
  9129 | Bailey   | Reached ***** piety under Cheibriados
  9482 | Bailey   | Noticed an orc knight
  9492 | Bailey   | Noticed an orc knight
  9492 | Bailey   | Reached XP level 11. HP: 21/77 MP: 11/11
  9498 | Bailey   | Noticed an orc knight
  9498 | Bailey   | Killed an orc knight
  9499 | Bailey   | Noticed an orc knight
  9501 | Bailey   | Reached skill level 13 in Shields
  9503 | Bailey   | Noticed an orc knight
  9519 | Bailey   | Mangled by an orc knight

Skill      XL: |  1  2  3  4  5  6  7  8  9 10 11 |
---------------+----------------------------------+-----
Shields        | 4 5 6 8 10 12 13 | 13.0
Armour         | 4 |  4.4
Fighting       | 4 |  4.1
Axes           | 3 4 5 7 9 10 11 | 11.1
Dodging        | |  0.5

Action                   |  1- 3 |  4- 6 |  7- 9 | 10-12 || total
-------------------------+-------+-------+-------+-------++-------
Melee: War axe           |    69 |   230 |   403 |   278 ||   980
 Abil: Dig               |     2 |     5 |     5 |     4 ||    16
Evoke: Wand              |       |       |       |     2 ||     2
  Use: Scroll            |       |       |       |    12 ||    12
       Potion            |       |       |       |     6 ||     6
  Eat: Bread ration      |       |     1 |       |       ||     1
       Chunk             |       |     3 |    11 |     4 ||    18
       Fruit             |       |       |     1 |       ||     1
Armor: Scale mail        |    33 |    91 |    61 |    31 ||   216
Dodge: Dodged            |    20 |    89 |    82 |    83 ||   274
Block: Shield            |    35 |   137 |       |       ||   172
       Large shield      |       |    26 |   350 |   372 ||   748
